 Dungeon Sprint DCSS version 0.27.0-1-g7a089689b8 (webtiles) character file.

Game seed: 17605337436130890335

563649 Groucho the End of an Era (level 21, 204/204 HPs)
             Began as a Demonspawn Fighter on Aug 6, 2021.
             Was the Champion of Qazlal.
             Escaped with the Orb!
             The game lasted 00:37:40 (8349 turns).

Groucho the End of an Era (Demonspawn Fighter)      Turns: 8349, Time: 00:37:41

Health: 204/204    AC: 45    Str: 34    XL:     21   Next: 1%
Magic:  38/38      EV: 27    Int: 13    God:    Qazlal [******]
Gold:   752        SH: 52    Dex: 20    Spells: 20/20 levels left

rFire    + . .     SeeInvis +   G - +14 obsidian axe {vorpal, Drain Fly SInv}
rCold    + . .     Faith    .   I - +18 shield of the Gong {rElec rN+ Will+ EV-5}
rNeg     + + +     Spirit   .   H - +15 Maxwell's patent armour {-Cast -Tele rElec Will+ rCorr}
rPois    +         Reflect  +   V - +1 hat {Will+}
rElec    +         Harm     .   z - +2 cloak {rCorr}
rCorr    +         Rampage  .   C - +1 pair of gloves {Dex+3}
Will     ++++.     NoTele   +   (boots unavailable) Stlth ..........NoCast +
                                R - amulet "Naduwuih" {Reflect rN++ Int+4 Dex+4 SH+5 SInv}
HPRegen  0.44/turn              c - ring of Xom's Regard {rPois EV+4 Str+7}
MPRegen  0.26/turn              b - ring "Jejuyqot" {rPois rF+ rC+}

@: flying, studying 4 skills, repel missiles
A: hooves 3, foul stench 3, spiny 2, augmentation 2, sturdy frame 2
0: Orb of Zot
a: Renounce Religion, Upheaval, Elemental Force, Disaster Area


You escaped.
You worshipped Qazlal.
Qazlal was exalted by your worship.
You visited 1 branch You collected 752 gold pieces.

Inventory:

Hand Weapons
 D - the +6 Majin-Bo {vamp, MP+6 Int+6}
   (You found it in the Dungeon)

   It occasionally heals its wielder for a portion of the damage dealt when they
   wound a living foe with it or with a spell.
   Its wielder's spells cost health as well as magical power.
   Int:       It affects your intelligence (+6).
   MP:        It affects your magic capacity (+6).
 E - the +10 dark maul {vorpal}
   (You found it in the Dungeon)

   It inflicts extra damage upon your enemies.
 F - the +9 heavy crossbow "Sniper" {vorpal, Acc+∞ SInv}
   (You found it in the Dungeon)

   Any ammunition fired from it inflicts extra damage upon your enemies.
   Any ammunition fired from it never misses its target.
   SInv:      It lets you see invisible.
 G - the +14 obsidian axe (weapon) {vorpal, Drain Fly SInv}
   (You found it in the Dungeon)

   It inflicts extra damage upon your enemies.
   It occasionally summons demons to assist the wielder when it strikes in
   combat.
   Its wielder is mesmerised by any visible foes.
   It cannot be unequipped while any foes are visible.
   SInv:      It lets you see invisible.
   Fly:       It grants you flight.
   Drain:     It drains your maximum health when unequipped.
 J - the +8 lance "Wyrmbane" {slay drac, rPois rF+ rC+ AC+3}
   (You found it in the Dungeon)

   It inflicts extra damage against dragons and draconians.
   AC:        It affects your AC (+3).
   rF:        It protects you from fire.
   rC:        It protects you from cold.
   rPois:     It protects you from poison.
 K - the +6 shillelagh "Devastator" {shatter}
   (You found it in the Dungeon)

   It releases a powerful concussive burst when it strikes, dealing extra damage
   to the target and all other foes adjacent to them.
 L - the +8 storm bow {elec, penet}
   (You found it in the Dungeon)

   Any ammunition fired from it occasionally discharges a powerful burst of
   electricity upon striking a foe.
   Any ammunition fired by it passes through the targets it hits, potentially
   hitting all targets in its path until it reaches maximum range.
 M - the +9 sword of Zonguldrok {reap}
   (You found it in the Dungeon)

   Any living foe damaged by it may be reanimated upon death as a zombie
   friendly to the wielder, with an increasing chance as more damage is dealt.
 N - a +5 fustibalus
Missiles
 O - 1000 sling bullets
Armour
 s - +6 gold dragon scales
 z - a +2 cloak of preservation (worn)
 C - a +1 pair of gloves of dexterity (worn)
 H - the +15 Maxwell's patent armour (worn) {-Cast -Tele rElec Will+ rCorr}
   (You found it in the Dungeon)

   rElec:     It insulates you from electricity.
   -Cast:     It prevents spellcasting.
   -Tele:     It prevents most forms of teleportation.
   rCorr:     It protects you from acid and corrosion.
   Will:      It increases your willpower.
 I - the +18 shield of the Gong (worn) {rElec rN+ Will+ EV-5}
   (You found it in the Dungeon)

   It is deafeningly noisy when blocking attacks.
   EV:        It affects your evasion (-5).
   rElec:     It insulates you from electricity.
   rN:        It protects you from negative energy.
   Will:      It increases your willpower.
 T - a +1 pair of boots of stealth
 V - a +1 hat of willpower (worn)
Jewellery
 b - the ring "Jejuyqot" (right hand) {rPois rF+ rC+}
   (You found it in the Dungeon)

   [ring of protection from cold]

   rF:        It protects you from fire.
   rC:        It protects you from cold.
   rPois:     It protects you from poison.
 c - the ring of Xom's Regard (left hand) {rPois EV+4 Str+7}
   (You found it in the Dungeon)

   [ring of evasion]

   EV:        It affects your evasion (+4).
   Str:       It affects your strength (+7).
   rPois:     It protects you from poison.
 w - a ring of positive energy
 x - a ring of magical power
 y - a ring of willpower
 A - the ring "Kereur" {rC+ Dex+3 SInv Stlth-}
   (You found it in the Dungeon)

   [ring of see invisible]

   Dex:       It affects your dexterity (+3).
   rC:        It protects you from cold.
   SInv:      It lets you see invisible.
   Stlth:     It makes you less stealthy.
 Q - the amulet of Kusid {Acrobat Regen+ MP+9 Int+4}
   (You found it in the Dungeon)

   [amulet of the acrobat]

   It increases your evasion while moving and waiting.
   Int:       It affects your intelligence (+4).
   MP:        It affects your magic capacity (+9).
   Regen:     It increases your rate of health regeneration.
 R - the amulet "Naduwuih" (around neck) {Reflect rN++ Int+4 Dex+4 SH+5 SInv}
   (You found it in the Dungeon)

   [amulet of reflection]

   It reflects blocked missile attacks.
   Int:       It affects your intelligence (+4).
   Dex:       It affects your dexterity (+4).
   rN:        It greatly protects you from negative energy.
   SInv:      It lets you see invisible.
   SH:        It affects your SH (+5).
 U - the ring "Biesch" {rPois Will+}
   (You found it in the Dungeon)

   [ring of willpower]

   rPois:     It protects you from poison.
   Will:      It increases your willpower.
 W - the amulet "Miopred" {Faith Dex+3}
   (You found it in the Dungeon)

   [amulet of faith]

   It allows you to gain divine favour quickly.
   Dex:       It affects your dexterity (+3).
 X - the ring "Deemp" {Wiz Drain rElec rCorr Slay+6}
   (You found it in the Dungeon)

   [ring of wizardry]

   It improves your spell success rate.
   Slay:      It affects your accuracy & damage with ranged weapons and melee
   (+6).
   rElec:     It insulates you from electricity.
   rCorr:     It protects you from acid and corrosion.
   Drain:     It drains your maximum health when unequipped.
 Y - the amulet "Hetzegaq" {RegenMP rCorr}
   (You found it in the Dungeon)

   [amulet of magic regeneration]

   It increases your rate of magic regeneration.
   rCorr:     It protects you from acid and corrosion.
 Z - the amulet "Awkippe" {RegenMP +Blink Str+2}
   (You found it in the Dungeon)

   [amulet of magic regeneration]

   It increases your rate of magic regeneration.
   Str:       It affects your strength (+2).
   +Blink:    It lets you blink.
Wands
 t - a wand of mindburst (7)
 u - a wand of iceblast (7)
 v - a wand of acid (7)
Scrolls
 a - 11 scrolls of enchant armour
 j - 4 scrolls of blinking
 o - 4 scrolls of amnesia
 p - 8 scrolls of fog
 q - 5 scrolls of identify
 r - 2 scrolls of fear
 B - 12 scrolls of enchant weapon
 P - 8 scrolls of brand weapon
Potions
 d - 8 potions of might
 e - 10 potions of curing
 f - 8 potions of heal wounds
 g - 17 potions of haste
 h - 7 potions of magic
 i - 3 potions of berserk rage
 k - 2 potions of brilliance
 l - 2 potions of invisibility
 m - 4 potions of resistance


   Skills:
 O Level 27 Fighting
 + Level 24.4 Axes
 O Level 27 Armour
 O Level 27 Dodging
 O Level 27 Shields
 O Level 27 Invocations
 + Level 19.2 Evocations


You had 20 spell levels left.
You didn't know any spells.
Your spell library contained the following spells:

 Spells                   Type           Power      Damage    Failure   Level
 Apportation              Tloc           0%         N/A       45%         1
 Corona                   Hex            0%         N/A       45%         1
 Foxfire                  Conj/Fire      0%         2x1d4     45%         1
 Magic Dart               Conj           0%         1d3       45%         1
 Shock                    Conj/Air       0%         1d3       45%         1
 Sting                    Tmut/Pois      0%         1d3       45%         1
 Blink                    Tloc           N/A        N/A       61%         2
 Call Imp                 Summ           0%         N/A       61%         2
 Corpse Rot               Necr/Air       N/A        N/A       61%         2
 Ensorcelled Hibernation  Hex/Ice        0%         N/A       61%         2
 Passwall                 Tmut/Erth      0%         N/A       61%         2
 Poisonous Vapours        Pois/Air       0%         N/A       61%         2
 Searing Ray              Conj           0%         3d3       61%         2
 Slow                     Hex            0%         N/A       61%         2
 Static Discharge         Conj/Air       0%         N/A       61%         2
 Sublimation of Blood     Necr           0%         N/A       61%         2
 Call Canine Familiar     Summ           0%         N/A       83%         3
 Confusing Touch          Hex            0%         N/A       83%         3
 Dazzling Flash           Conj/Hex       0%         N/A       83%         3
 Frozen Ramparts          Ice            0%         1d2       83%         3
 Gell's Gravitas          Tloc           0%         N/A       83%         3
 Ignite Poison            Fire/Tmut/Pois 0%         N/A       83%         3
 Lesser Beckoning         Tloc           0%         N/A       83%         3
 Mephitic Cloud           Conj/Pois/Air  0%         N/A       83%         3
 Ozocubu's Armour         Ice            0%         N/A       83%         3
 Portal Projectile        Hex/Tloc       0%         N/A       83%         3
 Spider Form              Tmut/Pois      0%         N/A       83%         3
 Stone Arrow              Conj/Erth      0%         3d7       83%         3
 Swiftness                Air            0%         N/A       83%         3
 Tukima's Dance           Hex            0%         N/A       83%         3
 Vampiric Draining        Necr           0%         2d6       83%         3
 Animate Armour           Summ/Erth      0%         N/A       99%         4
 Animate Dead             Necr           0%         N/A       99%         4
 Dispel Undead            Necr           0%         3d6       99%         4
 Fulminant Prism          Conj/Hex       0%         3d6       99%         4
 Hailstorm                Conj/Ice       0%         3d3       99%         4
 Ice Form                 Ice/Tmut       0%         N/A       99%         4
 Iskenderun's Mystic Bla  Conj/Tloc      0%         2d3       99%         4
 Leda's Liquefaction      Hex/Erth       0%         N/A       99%         4
 Olgreb's Toxic Radiance  Pois           0%         N/A       99%         4
 Passage of Golubria      Tloc           N/A        N/A       99%         4
 Petrify                  Tmut/Erth      0%         N/A       99%         4
 Sticky Flame             Conj/Fire      0%         2d3       99%         4
 Summon Ice Beast         Ice/Summ       0%         N/A       99%         4
 Agony                    Necr           0%         N/A       100%        5
 Alistair's Intoxication  Tmut/Pois      0%         N/A       100%        5
 Blade Hands              Tmut           0%         N/A       100%        5
 Bolt of Magma            Conj/Fire/Erth 0%         4d4       100%        5
 Excruciating Wounds      Necr           0%         N/A       100%        5
 Fireball                 Conj/Fire      0%         3d3       100%        5
 Freezing Cloud           Conj/Ice/Air   0%         6-21      100%        5
 Irradiate                Conj/Tmut      0%         3d13      100%        5
 Iskenderun's Battlesphe  Conj           0%         2d6       100%        5
 Lee's Rapid Deconstruct  Erth           0%         3d5*      100%        5
 Lightning Bolt           Conj/Air       0%         1d11      100%        5
 Manifold Assault         Tloc           0%         N/A       100%        5
 Metabolic Englaciation   Hex/Ice        0%         N/A       100%        5
 Silence                  Hex/Air        0%         N/A       100%        5
 Summon Forest            Summ/Tloc      0%         N/A       100%        5
 Summon Mana Viper        Hex/Summ       0%         N/A       100%        5
 Yara's Violent Unravell  Hex/Tmut       0%         3d3       100%        5
 Conjure Ball Lightning   Conj/Air       0%         3x3d6     100%        6
 Death Channel            Necr           0%         N/A       100%        6
 Eringya's Noxious Bog    Tmut/Pois      0%         N/A       100%        6
 Iron Shot                Conj/Erth      0%         9d1       100%        6
 Shadow Creatures         Summ           N/A        N/A       100%        6
 Simulacrum               Ice/Necr       0%         N/A       100%        6
 Statue Form              Tmut/Erth      0%         N/A       100%        6
 Dragon Form              Tmut           0%         N/A       100%        7
 Haunt                    Necr/Summ      0%         N/A       100%        7
 Malign Gateway           Summ/Tloc      0%         N/A       100%        7
 Monstrous Menagerie      Summ           0%         N/A       100%        7
 Ozocubu's Refrigeration  Ice            0%         4d5       100%        7
 Spellforged Servitor     Conj/Summ      0%         N/A       100%        7
 Storm Form               Tmut/Air       0%         N/A       100%        7
 Summon Hydra             Summ           0%         N/A       100%        7
 Borgnjor's Revivificati  Necr           0%         N/A       100%        8
 Discord                  Hex            0%         N/A       100%        8
 Disjunction              Tloc           0%         N/A       100%        8
 Ignition                 Fire           0%         3d3       100%        8
 Infestation              Necr           0%         N/A       100%        8
 Lehudib's Crystal Spear  Conj/Erth      0%         10d2      100%        8
 Maxwell's Capacitive Co  Air            0%         ∞         100%        8
 Necromutation            Tmut/Necr      0%         N/A       100%        8
 Summon Horrible Things   Summ           0%         N/A       100%        8
 Chain Lightning          Conj/Air       0%         N/A       100%        9
 Death's Door             Necr           0%         N/A       100%        9
 Fire Storm               Conj/Fire      0%         5d1       100%        9
 Polar Vortex             Ice            0%         N/A       100%        9
 Shatter                  Erth           0%         3d5*      100%        9


Dungeon Overview and Level Annotations

Branches:
Dungeon (1/1)

Altars:
Ashenzari
Cheibriados
Dithmenos
Elyvilon
Fedhas
Gozag
Hepliaklqana
Kikubaaqudgha
Makhleb
Nemelex Xobeh
Okawaru
Qazlal
Ru
Sif Muna
Trog
Uskayaw
Vehumet
Wu Jian
Xom
Yredelemnul
Zin
The Shining One
Beogh
Jiyva
Lugonu


Innate Abilities, Weirdness & Mutations

You have hooves in place of feet.
You frequently emit foul miasma when damaged in melee.
You are mostly covered in sharp spines.
Your magical and physical power is enhanced at high health.
Your movements are less encumbered by armour. (ER -4)


Message History

The Orb Guardian is heavily wounded.
You block the Orb Guardian's attack.
BONNNG!
Unknown command.
You slice the Orb Guardian!!
You kick the Orb Guardian, but do no damage.
The Orb Guardian is severely wounded.
You block the Orb Guardian's attack.
GONNNNG!
You slice the Orb Guardian!!
You break out of your daze!
You kill the Orb Guardian!
Qazlal accepts your kill.
Your Evocations skill increases to level 19!
You have reached level 20!
You feel stronger.
Your demonic ancestry asserts itself...
You feel power rushing into your body.
Unknown command.
Unknown command.
Unknown command.
Things that are here:
a +2 vorpal scythe; a +2 demon whip
There is a staircase leading out of the dungeon here.
You feel more experienced!
You have reached level 21!
Your experience leads to an increase in your attributes!
Your base attributes are Str 27, Int 9, Dex 12.
Increase (S)trength, (I)ntelligence, or (D)exterity?
You feel agile.
Unknown command.
Unknown command.
Unknown command.
Something appears before you!
Unknown command.
Unknown command.
Things that are here:
a +2 vorpal scythe; a +2 demon whip You now have 752 gold pieces.
There is a staircase leading out of the dungeon here.
You have escaped!

}[...).)....▓..▓..†....▓..▓...8©8
............▓.▓▓▓.....▓▓▓.▓..)}).
.....†......▓..▓.......▓..▓...[)[
()).).......▓.............▓......
...).)......▓......©......▓......
............▓▓▓▓▓▓▓▓▓▓▓▓▓▓▓......
............▓8888888888888▓......
............▓8)..........8▓..▓...
.....≈≈≈≈...▓8..@)....©..8▓.▓....
...≈.≈...≈..▓8..§☼.......8▓....©.
....©..≈....▓8888888888888▓▓▓▓▓▓▓
▓▓▓▓▓▓▓▓▓▓▓▓▓▓▓▓▓▓▓▓▓▓▓▓▓▓▓▓▓▓▓▓▓
.....8©8.[......▓........8©8.....
...|.|)".).)::[.▓...|=)|}=:))=)}.
...))..).....)}.▓.[[[=.[)[|["}|=[
..[...).}...)...▓...[).):)}=}|..|
....)).)...)(=..▓)......[))}...†.


There were no monsters in sight!

Vanquished Creatures
  5 pandemonium lords (D)
  An ancient lich (D)
  A profane servitor (D)
  12 electric golems (D)
  3 Tzitzimimeh (D)
  2 Brimstone Fiends (D)
  2 Ice Fiends (D)
  2 liches (D)
  A deep elf blademaster (D)
  6 Orb Guardians (D)
  20 titans (D)
  2 acid blobs (D)
  2 tentacled starspawn (D)
  3 deep elf master archers (D)
  6 shadow dragons (D)
  2 nagarajas (D)
  7 storm dragons (D)
  4 rockslimes (D)
  7 fire giants (D)
  11 frost giants (D)
  A cacodemon (D)
  A reaper (D)
  A deep elf elementalist (D)
  3 spriggan defenders (D)
  8 ghouls (D)
  5 stone giants (D)
  12 vampire knights (D)
  14 ettins (D)
  3 merfolk impalers (D)
  4 deep elf high priests (D)
  3 great orbs of eyes (D)
  2 hydras (D)
  2 naga warriors (D)
  A catoblepas (D)
  16 spriggan air magi (D)
  2 dancing weapons (D)
  3 merfolk aquamancers (D)
  An alligator snapping turtle (D)
  4 anacondas (D)
  2 vampire magi (D)
  A thrashing horror (D)
  3 spriggan berserkers (D)
  2 deep elf knights (D)
  A sixfirhy (D)
  26 soul eaters (D)
  A fire crab (shapeshifter) (D)
  A wretched star (D)
  A sea snake (shapeshifter) (D)
  9 skeletal warriors (D)
  A spriggan druid (D)
  3 sea snakes (D)
  A goliath frog (shapeshifter) (D)
  4 deep elf archers (D)
  2 shadow demons (D)
  An infernal demonspawn (D)
  2 starcursed masses (D)
  3 phantasmal warriors (D)
  5 deep elf zephyrmancers (D)
  3 deep elf pyromancers (D)
  3 shining eyes (D)
  5 draconians (D)
  A cyclops (shapeshifter) (D)
  A shining eye (shapeshifter) (D)
  A worldbinder (D)
  3 cyclopes (D)
  A manticore (D)
  An elephant (D)
  A moth of wrath (shapeshifter) (D)
  5 toenail golems (D)
  A black mamba (shapeshifter) (D)
  A merfolk siren (D)
  5 guardian serpents (D)
  7 black mambas (D)
  3 smoke demons (D)
  7 cane toads (D)
  3 orange demons (D)
  4 naga magi (D)
  2 rime drakes (D)
  5 komodo dragons (D)
  A tormentor (D)
  A freezing wraith (D)
  2 ice devils (D)
  2 hellwings (D)
  2 merfolk (D)
  10 wind drakes (D)
  A meliai (shapeshifter) (D)
  3 polar bears (D)
  A blink frog (shapeshifter) (D)
  A raiju (D)
  6 slime creatures (D)
  A snapping turtle (D)
  4 blink frogs (D)
  7 shadows (D)
  3 flying skulls (D)
  10 air elementals (D)
  3 yaks (D)
  5 vampires (D)
  A water elemental (D)
  A wraith (D)
  7 large abominations (D)
  2 basilisks (D)
  A fire elemental (D)
  A neqoxec (D)
  5 wyverns (D)
  A golden eye (D)
  2 steam dragons (D)
  2 chaos spawn (D)
  A swamp worm (shapeshifter) (D)
  7 nagas (D)
  3 hell hounds (D)
  An acid dragon (D)
  8 water moccasins (D)
  8 necrophages (D)
  A bullfrog (D)
  An earth elemental (D)
  4 small abominations (D)
  8 wights (D)
  A crimson imp (D)
  An iron imp (D)
  3 jellies (D)
  An orc priest (D)
  3 orc wizards (D)
  A hell rat (D)
  6 adders (D)
  A shadow imp (D)
  7 adder zombies (D)
  12 adder skeletons (D)
  2 orcs (D)
  3 ball pythons (D)
  6 bat skeletons (D)
  8 bat zombies (D)
  2 endoplasms (D)
  9 ball python skeletons (D)
  8 ball python zombies (D)
  3 giant cockroach zombies (D)
  4 jackal skeletons (D)
  5 jackal zombies (D)
  7 quokka skeletons (D)
  2 quokka zombies (D)
  A lurking horror (D)
  2 starspawn tentacles (D)
543 creatures vanquished.

Vanquished Creatures (collateral kills)
  A green draconian (D)
  4 draconians (D)
  A guardian serpent (D)
  An eye of devastation (D)
  A naga mage (D)
  A hellion (D)
  A bat zombie (D)
  A ball python (D)
11 creatures vanquished.

Vanquished Creatures (others)
  2 large abominations (D)
  A shadow demon (D)
  5 golden eyes (D)
  A chaos spawn (D)
  An adder (D)
10 creatures vanquished.

Grand Total: 564 creatures vanquished

Notes
Turn   | Place    | Note
-------+----------+-------------------------------------------
     0 | D        | Groucho the Demonspawn Fighter began the quest for the Orb.
     0 | D        | Reached XP level 1. HP: 18/18 MP: 1/1
     0 | D        | Found a blossoming altar of Fedhas.
     1 | D        | Found the +6 Majin-Bo {vamp, MP+6 Int+6}
     1 | D        | Found the +9 heavy crossbow "Sniper" {vorpal, Acc+∞ SInv}
     1 | D        | Found the +10 dark maul {vorpal}
     1 | D        | Found the +15 Maxwell's patent armour {-Cast -Tele rElec
                  | Will+ rCorr}
     1 | D        | Found the +18 shield of the Gong {rElec rN+ Will+ EV-5}
     1 | D        | Found the +14 obsidian axe {vorpal, Drain Fly SInv}
     1 | D        | Found the +7 great mace "Firestarter" {inner flame, rF++}
     1 | D        | Found the +6 shillelagh "Devastator" {shatter}
     1 | D        | Found the +11 plutonium sword {Contam Stlth-}
     1 | D        | Found the +8 lance "Wyrmbane" {slay drac, rPois rF+ rC+
                  | AC+3}
     1 | D        | Found the +9 sword of Zonguldrok {reap}
     1 | D        | Found the +13 scythe of Curses {drain, Drain}
     1 | D        | Found the +5 sword of Power {vorpal}
     1 | D        | Found the +7 mace of Variability {chain chaos}
     1 | D        | Found the +7 Singing Sword {vorpal, sonic wave}
     1 | D        | Found the +8 storm bow {elec, penet}
     1 | D        | Found a shimmering blue altar of Sif Muna.
     1 | D        | Found a sacrificial altar of Ru.
     1 | D        | Found a bloodstained altar of Trog.
     1 | D        | Found a stormy altar of Qazlal.
     1 | D        | Found an iron altar of Okawaru.
     1 | D        | Found a sparkling altar of Nemelex Xobeh.
     3 | D        | Found a transporter.
     3 | D        | Found an ancient bone altar of Kikubaaqudgha.
     3 | D        | Found a viscous altar of Jiyva.
     3 | D        | Found a corrupted altar of Lugonu.
     3 | D        | Found a hazy altar of Hepliaklqana.
     3 | D        | Found a burning altar of Makhleb.
     3 | D        | Found an opulent altar of Gozag.
    90 | D        | Became a worshipper of Qazlal Stormbringer
   121 | D        | Entered arena 2.
   121 | D        | Noticed an orc priest
   121 | D        | Found a transporter.
   126 | D        | Reached skill level 1 in Invocations
   127 | D        | Killed an orc priest
   128 | D        | Gained mutation: You may rarely emit foul miasma when
                  | damaged in melee. [demonic ancestry]
   128 | D        | Reached XP level 2. HP: 25/25 MP: 1/4
   128 | D        | Gained mutation: You are partially covered in sharp spines.
                  | [demonic ancestry]
   128 | D        | Reached XP level 3. HP: 30/30 MP: 1/5
   343 | D        | Entered arena 3.
   343 | D        | Noticed a necrophage
   343 | D        | Noticed a necrophage
   343 | D        | Noticed a necrophage
   343 | D        | Found a transporter.
   347 | D        | Killed a necrophage
   347 | D        | Reached * piety under Qazlal
   347 | D        | Killed a necrophage
   348 | D        | Reached skill level 5 in Fighting
   348 | D        | Reached skill level 5 in Axes
   348 | D        | Reached skill level 5 in Armour
   348 | D        | Reached skill level 5 in Shields
   348 | D        | Reached XP level 4. HP: 40/40 MP: 5/8
   348 | D        | Reached XP level 5. HP: 46/46 MP: 5/9
   348 | D        | Killed a necrophage
   349 | D        | Gained mutation: You have large cloven feet. [demonic
                  | ancestry]
   349 | D        | Reached XP level 6. HP: 53/53 MP: 5/11
   564 | D        | Entered arena 4.
   564 | D        | Found a transporter.
   565 | D        | Identified the +4 long sword "Duaf" {drain, Str+4}
   567 | D        | Reached ** piety under Qazlal
   580 | D        | Got the ring "Jejuyqot" {rPois rF+ rC+}
   583 | D        | Entered arena 5.
   583 | D        | Noticed a draconian
   583 | D        | Noticed a draconian
   583 | D        | Noticed a draconian
   583 | D        | Noticed a draconian
   583 | D        | Found a transporter.
   589 | D        | Killed a draconian
   589 | D        | Reached *** piety under Qazlal
   590 | D        | Reached XP level 7. HP: 54/61 MP: 11/14
   591 | D        | Killed a draconian
   592 | D        | Reached skill level 10 in Invocations
   592 | D        | Reached XP level 8. HP: 62/69 MP: 11/15
   593 | D        | Killed a draconian
   597 | D        | Killed a draconian
   735 | D        | Entered arena 6.
   735 | D        | Noticed a toenail golem
   735 | D        | Noticed a toenail golem
   735 | D        | Noticed a toenail golem
   735 | D        | Noticed a toenail golem
   735 | D        | Noticed a toenail golem
   735 | D        | Found a transporter.
   738 | D        | Killed a toenail golem
   739 | D        | Gained mutation: Your movements are slightly less
                  | encumbered by armour. (ER -2) [demonic ancestry]
   739 | D        | Reached XP level 9. HP: 78/78 MP: 4/17
   739 | D        | Killed a toenail golem
   739 | D        | Reached **** piety under Qazlal
   740 | D        | Reached skill level 10 in Fighting
   741 | D        | Killed a toenail golem
   742 | D        | Killed a toenail golem
   743 | D        | Killed a toenail golem
   948 | D        | Entered arena 7.
   949 | D        | Found a transporter.
   954 | D        | Reached ***** piety under Qazlal
   956 | D        | Reached skill level 10 in Armour
   956 | D        | Reached skill level 10 in Shields
   992 | D        | Entered arena 8.
   992 | D        | Noticed a draconian
   992 | D        | Noticed a draconian
   992 | D        | Noticed a draconian
   992 | D        | Noticed a draconian
   992 | D        | Noticed a green draconian
   992 | D        | Noticed a draconian
   993 | D        | Found a transporter.
  1000 | D        | Killed a draconian
  1001 | D        | Reached skill level 10 in Axes
  1001 | D        | Gained mutation: You have hoof-like feet. [demonic
                  | ancestry]
  1001 | D        | Reached XP level 10. HP: 66/87 MP: 18/20
  1001 | D        | Killed a draconian
  1001 | D        | Killed a draconian
  1002 | D        | Killed a draconian
  1002 | D        | Killed a green draconian
  1005 | D        | Killed a draconian
  1013 | D        | Got the Handbook of Envenoming
  1016 | D        | Got the amulet of Kusid {Acrobat Regen+ MP+9 Int+4}
  1407 | D        | Entered arena 9.
  1408 | D        | Found a transporter.
  1409 | D        | Reached ****** piety under Qazlal
  1426 | D        | Got a ring "Buudiput" {Drain rPois rC+++ rN+ Stlth+}
  1649 | D        | Entered arena 10.
  1650 | D        | Found the +8 whip "Snakebite" {venom, curare, rPois}
  1650 | D        | Found a transporter.
  1925 | D        | Entered arena 11.
  1927 | D        | Reached skill level 15 in Invocations
  1927 | D        | Gained mutation: You sometimes emit foul miasma when
                  | damaged in melee. [demonic ancestry]
  1927 | D        | Reached XP level 11. HP: 94/96 MP: 17/22
  1929 | D        | Found a transporter.
  2100 | D        | Entered arena 12.
  2100 | D        | Noticed an anaconda
  2100 | D        | Noticed a wolf spider
  2100 | D        | Noticed a deep troll
  2100 | D        | Noticed a shining eye
  2100 | D        | an anaconda changed into a shining eye
  2100 | D        | a deep troll changed into a swamp worm
  2101 | D        | Noticed a shining eye
  2101 | D        | Noticed a fire crab
  2102 | D        | Killed a fire crab
  2103 | D        | Found a transporter.
  2104 | D        | Noticed a goliath frog
  2104 | D        | a wolf spider changed into a goliath frog
  2105 | D        | Killed a shining eye
  2105 | D        | Killed a shining eye
  2114 | D        | Killed a goliath frog
  2197 | D        | Entered arena 13.
  2197 | D        | Noticed a rockslime
  2197 | D        | Noticed a rockslime
  2197 | D        | Noticed a great orb of eyes
  2198 | D        | Noticed an acid blob
  2202 | D        | Killed a rockslime
  2203 | D        | Killed an acid blob
  2204 | D        | Killed a rockslime
  2205 | D        | Reached XP level 12. HP: 36/107 MP: 4/24
  2206 | D        | Killed a great orb of eyes
  2211 | D        | Found a transporter.
  2398 | D        | Entered arena 14.
  2399 | D        | Identified the +6 war axe of Vustraf {venom, Will+}
  2402 | D        | Found a transporter.
  2424 | D        | Got the ring "Yre Qodu" {Fire rElec Str+3 Dex-5}
  2433 | D        | Got the ring "Deemp" {Wiz Drain rElec rCorr Slay+6}
  2506 | D        | Entered arena 15.
  2506 | D        | Noticed a rockslime
  2506 | D        | Noticed a great orb of eyes
  2506 | D        | Noticed a great orb of eyes
  2507 | D        | Noticed a rockslime
  2507 | D        | Noticed an acid blob
  2512 | D        | Killed an acid blob
  2513 | D        | Killed a great orb of eyes
  2514 | D        | Killed a rockslime
  2514 | D        | Killed a great orb of eyes
  2515 | D        | Reached skill level 15 in Fighting
  2516 | D        | Killed a rockslime
  2518 | D        | Found a transporter.
  2528 | D        | Got the amulet "Hetzegaq" {RegenMP rCorr}
  2537 | D        | Got the amulet "Awkippe" {RegenMP +Blink Str+2}
  2840 | D        | Entered arena 16.
  2840 | D        | Noticed a vampire knight
  2841 | D        | Noticed a ghoul
  2841 | D        | Noticed an ancient lich
  2842 | D        | Identified the +1 fustibalus of Eternal Harmony {venom,
                  | Dex+6}
  2843 | D        | Found the +7 sceptre of Torment {pain, torment}
  2845 | D        | Killed a vampire knight
  2846 | D        | Reached XP level 13. HP: 116/116 MP: 14/27
  2846 | D        | Found a transporter.
  2848 | D        | Killed a ghoul
  2856 | D        | Killed an ancient lich
  2857 | D        | Reached skill level 15 in Axes
  2857 | D        | Reached skill level 15 in Armour
  2857 | D        | Reached skill level 15 in Shields
  2874 | D        | Got the amulet "Naduwuih" {Reflect rN++ Int+4 Dex+4 SH+5
                  | SInv}
  3009 | D        | Entered arena 17.
  3010 | D        | Noticed a merfolk impaler
  3010 | D        | Noticed a merfolk impaler
  3012 | D        | Identified the +2 ring mail "Qiew" {Rampage rCorr Str-4}
  3012 | D        | Noticed a merfolk impaler
  3013 | D        | Killed a merfolk impaler
  3013 | D        | Killed a merfolk impaler
  3013 | D        | Killed a merfolk impaler
  3015 | D        | Found a transporter.
  3023 | D        | Got the Guide on Freezing Transformation
  3170 | D        | Entered arena 18.
  3175 | D        | Identified the +9 war axe of the Sage {venom, *Corrode
                  | rPois Int+3 Dex+4}
  3187 | D        | Gained mutation: You are mostly covered in sharp spines.
                  | [demonic ancestry]
  3187 | D        | Reached XP level 14. HP: 104/128 MP: 29/29
  3188 | D        | Found a transporter.
  3204 | D        | Got the amulet "Miopred" {Faith Dex+3}
  3221 | D        | Got the Handbook of Moulding and Air
  3295 | D        | Entered arena 19.
  3308 | D        | Found the +8 Vampire's Tooth {vamp}
  3313 | D        | Found a transporter.
  3319 | D        | Got Sif Muna's Disquisition on Flamy Dislocation
  3352 | D        | Got the ring "Ylytec" {rPois Str+6 Int+4 Dex-5}
  3467 | D        | Entered arena 20.
  3472 | D        | Noticed a nagaraja
  3472 | D        | Noticed a nagaraja
  3474 | D        | Killed a nagaraja
  3474 | D        | Killed a nagaraja
  3734 | D        | Found a transporter.
  3751 | D        | Got the Disquisition on Transmigration and Lightness
  3754 | D        | Got the ring "Kereur" {rC+ Dex+3 SInv Stlth-}
  3760 | D        | Got the Incunabulum of Dusty Battle Magic
  3796 | D        | Entered arena 21.
  3799 | D        | Noticed a spriggan defender
  3800 | D        | Noticed a spriggan defender
  3800 | D        | Noticed a spriggan defender
  3801 | D        | Killed a spriggan defender
  3801 | D        | Killed a spriggan defender
  3801 | D        | Killed a spriggan defender
  3804 | D        | Found a transporter.
  3825 | D        | Got the amulet of the Leaf {Spirit rElec rPois}
  3828 | D        | Got the ring "Biesch" {rPois Will+}
  3830 | D        | Got Tuatero's Incunabulum of Dark Magic and Orientation
  3991 | D        | Entered arena 22.
  3995 | D        | Noticed a deep elf master archer
  3995 | D        | Noticed a deep elf elementalist
  3996 | D        | Noticed a deep elf master archer
  3996 | D        | Noticed a deep elf master archer
  3996 | D        | Noticed a deep elf blademaster
  3996 | D        | Identified the +4 quarterstaff "Vaneqat" {vamp, +Rage rElec
                  | rPois Stlth-}
  3997 | D        | Killed a deep elf elementalist
  3997 | D        | Killed a deep elf master archer
  3997 | D        | Killed a deep elf blademaster
  3997 | D        | Killed a deep elf master archer
  3997 | D        | Killed a deep elf master archer
  3998 | D        | Gained mutation: Your movements are less encumbered by
                  | armour. (ER -4) [demonic ancestry]
  3998 | D        | Reached XP level 15. HP: 125/141 MP: 23/32
  3999 | D        | Found a transporter.
  4017 | D        | Got the Compendium of Curses and the Arsonist
  4039 | D        | Got the Handbook of Mutagenic Cold
  4151 | D        | Entered arena 23.
  4158 | D        | Noticed Ulesafie the pandemonium lord
  4159 | D        | Noticed a tentacled starspawn
  4161 | D        | Noticed a tentacled monstrosity
  4161 | D        | Killed Ulesafie the pandemonium lord
  4161 | D        | Killed a tentacled starspawn
  4161 | D        | Killed a lich
  4162 | D        | Reached skill level 27 in Invocations
  4163 | D        | Noticed a tentacled starspawn
  4163 | D        | Identified the +0 buckler "Zyaf" {rC- Str+3 Int+4}
  4164 | D        | Noticed Kiqic the pandemonium lord
  4165 | D        | Found the +5 robe of Misfortune {Contam Harm *Corrode Drain
                  | *Slow EV+5}
  4165 | D        | Killed Kiqic the pandemonium lord
  4165 | D        | Killed a tentacled starspawn
  4166 | D        | Gained mutation: You frequently emit foul miasma when
                  | damaged in melee. [demonic ancestry]
  4166 | D        | Reached XP level 16. HP: 102/154 MP: 19/33
  4168 | D        | Found a transporter.
  4228 | D        | Entered arena 24.
  4233 | D        | Identified the +9 dagger of Mutilation {antimagic, rPois
                  | Will++ rCorr Str-2}
  4233 | D        | Identified the +3 troll leather armour "Yggam" {rF- Will-
                  | Regen+ Str+6 Int+9}
  4248 | D        | Found a transporter.
  4274 | D        | Got the Incunabulum of Earthen Curses
  4276 | D        | Got the Disquisition on Unstable Confrontation
  4494 | D        | Entered arena 25.
  4500 | D        | Noticed a Tzitzimitl
  4500 | D        | Noticed a shadow dragon
  4501 | D        | Noticed a Tzitzimitl
  4501 | D        | Noticed a shadow dragon
  4502 | D        | Noticed a shadow dragon
  4503 | D        | Noticed a shadow dragon
  4503 | D        | Killed a shadow dragon
  4503 | D        | Killed a shadow dragon
  4506 | D        | Killed a Tzitzimitl
  4511 | D        | Killed a shadow dragon
  4519 | D        | Killed a Tzitzimitl
  4521 | D        | Found a transporter.
  4522 | D        | Found the ring of Shadows {Umbra +Inv Stlth+}
  4528 | D        | Killed a shadow dragon
  4572 | D        | Got the ring of Xom's Regard {rPois EV+4 Str+7}
  4593 | D        | Got Jeaz's Catalogue of Transformation
  4593 | D        | Got the ring of Poov {Will+ Int+6 Dex+5}
  4637 | D        | Entered arena 26.
  4646 | D        | Noticed a titan
  4646 | D        | Noticed a titan
  4647 | D        | Noticed a titan
  4647 | D        | Noticed a titan
  4647 | D        | Noticed a titan
  4647 | D        | Noticed a titan
  4647 | D        | Noticed a titan
  4648 | D        | Noticed a titan
  4648 | D        | Noticed a titan
  4648 | D        | Noticed a titan
  4649 | D        | Noticed a titan
  4650 | D        | Killed a titan
  4650 | D        | Killed a titan
  4650 | D        | Killed a titan
  4650 | D        | Killed a titan
  4650 | D        | Killed a titan
  4650 | D        | Killed a titan
  4650 | D        | Killed a titan
  4650 | D        | Killed a titan
  4650 | D        | Killed a titan
  4650 | D        | Killed a titan
  4651 | D        | Reached skill level 27 in Fighting
  4651 | D        | Gained mutation: You have hooves in place of feet. [demonic
                  | ancestry]
  4651 | D        | Reached XP level 17. HP: 44/174 MP: 26/34
  4653 | D        | Killed a titan
  4654 | D        | Reached XP level 18. HP: 36/182 MP: 11/35
  5153 | D        | Found the necklace of Bloodlust {*Rage +Rage Will++ Int-3
                  | Slay+6}
  5153 | D        | Found a transporter.
  5363 | D        | Entered arena 27.
  5372 | D        | Noticed a Tzitzimitl
  5373 | D        | Found the +3 Elemental Staff {rElec rF++ rC++ Will++ AC+5}
  5374 | D        | Killed a Tzitzimitl
  5396 | D        | Found a transporter.
  5403 | D        | Found the +8 demon trident "Rift" {distort, reach+}
  5405 | D        | Got The Intricacies of the Arcane Arts
  5409 | D        | Got Qipoel's Disquisition on the Floating Mountains
  5415 | D        | Got the Papyrus of Contamination and Orientation
  5459 | D        | Entered arena 28.
  5466 | D        | Noticed an electric golem
  5467 | D        | Noticed an electric golem
  5467 | D        | Noticed an electric golem
  5467 | D        | Noticed an electric golem
  5468 | D        | Noticed an electric golem
  5468 | D        | Noticed an electric golem
  5468 | D        | Identified the +9 trident "Cyaliepif" {antimagic, Str+4}
  5468 | D        | Identified the ring of Equivalence {rPois rF+ Will+ Int-5}
  5468 | D        | Noticed an electric golem
  5469 | D        | Noticed an electric golem
  5469 | D        | Noticed an electric golem
  5469 | D        | Noticed an electric golem
  5469 | D        | Noticed an electric golem
  5469 | D        | Noticed an electric golem
  5470 | D        | Killed an electric golem
  5470 | D        | Killed an electric golem
  5470 | D        | Killed an electric golem
  5470 | D        | Killed an electric golem
  5470 | D        | Killed an electric golem
  5470 | D        | Killed an electric golem
  5471 | D        | Reached skill level 27 in Armour
  5471 | D        | Reached skill level 27 in Shields
  5471 | D        | Gained mutation: Your magical and physical power is
                  | slightly enhanced at high health. [demonic ancestry]
  5471 | D        | Reached XP level 19. HP: 102/189 MP: 28/36
  5472 | D        | Killed an electric golem
  5472 | D        | Killed an electric golem
  5475 | D        | Killed an electric golem
  5475 | D        | Killed an electric golem
  5476 | D        | Reached skill level 27 in Dodging
  5476 | D        | Reached skill level 5 in Evocations
  5477 | D        | Killed an electric golem
  5481 | D        | Killed an electric golem
  5482 | D        | Reached skill level 10 in Evocations
  5662 | D        | Found a transporter.
  5723 | D        | Got the Orb of Zot
  6013 | D        | Noticed a Brimstone Fiend
  6016 | D        | Killed a Brimstone Fiend
  6159 | D        | Noticed Aqirph the pandemonium lord
  6167 | D        | Killed Aqirph the pandemonium lord
  7087 | D        | Noticed a profane servitor
  7101 | D        | Killed a profane servitor
  7167 | D        | Noticed a Brimstone Fiend
  7169 | D        | Killed a Brimstone Fiend
  7224 | D        | Reached skill level 15 in Evocations
  7239 | D        | Noticed Xaeboink the pandemonium lord
  7244 | D        | Killed Xaeboink the pandemonium lord
  8011 | D        | Noticed Xygetom the pandemonium lord
  8013 | D        | Noticed a Tzitzimitl
  8023 | D        | Killed Xygetom the pandemonium lord
  8340 | D        | Gained mutation: Your magical and physical power is
                  | enhanced at high health. [demonic ancestry]
  8340 | D        | Reached XP level 20. HP: 197/197 MP: 37/37
  8343 | D        | Reached XP level 21. HP: 204/204 MP: 38/38
  8344 | D        | Acquired 752 gold pieces
  8349 | D        | Escaped with the Orb!

Illustrated notes

Levels and vault maps discovered:
D:        sprint_v [room_start, room_1, room_2, room_3, room_4, room_5, room_6,
          room_7, room_8, room_9, room_10, room_11, room_12, room_13, room_14,
          room_15, room_16, room_17, room_18, room_19, room_20, room_21,
          room_22, room_23, room_24, room_25, room_26, room_27]

Skill      XL: |  1  2  3  4  5  6  7  8  9 10 11 12 13 14 15 16 17 18 19 |
---------------+----------------------------------------------------------+-----
Axes           | 3 5 6 7 8 10 11 12 14 15 18 24 | 24.4
Invocations    | 3 6 7 9 10 11 13 15 17 20 23 26 27 | 27.0
Fighting       | 4 5 6 7 8 9 11 12 14 15 17 20 22 27 | 27.0
Armour         | 3 5 7 8 10 11 13 14 15 18 20 25 27 | 27.0
Shields        | 3 5 7 8 10 11 13 14 15 18 20 25 27 | 27.0
Dodging        | 13 14 25 27 | 27.0
Evocations     | 19 | 19.2

Action                   |  1- 3 |  4- 6 |  7- 9 | 10-12 | 13-15 | 16-18 | 19-21 || total
-------------------------+-------+-------+-------+-------+-------+-------+-------++-------
Melee: Broad axe         |     6 |    10 |    24 |    42 |    56 |    56 |    77 ||   271
       Kick              |       |     2 |    11 |    18 |     4 |     7 |    35 ||    77
Invok: Upheaval          |       |       |     3 |    17 |     1 |     3 |    16 ||    40
       Disaster Area     |       |       |       |     2 |     7 |     6 |     3 ||    18
  Use: Potion            |       |       |       |     1 |       |     1 |     1 ||     3
       Scroll            |       |       |       |       |     1 |       |     1 ||     2
 Stab: Distracted        |       |       |       |       |       |     2 |     1 ||     3
Armor: Plate armour      |     5 |     4 |    15 |     4 |    22 |    25 |    17 ||    92
Dodge: Repelled          |       |       |     1 |       |     3 |     1 |     1 ||     6
       Dodged            |       |       |       |       |     3 |    18 |    27 ||    48
Block: Kite shield       |    15 |    12 |    57 |    68 |   106 |   109 |    92 ||   459
       Reflection        |       |       |       |       |     9 |     2 |       ||    11
